 Dungeon Crawl Stone Soup version 0.21.1-1-g345015f (webtiles) character file.

40 Monsterracer the Shield-Bearer (level 3, -8/33 HPs)
             Began as a Deep Dwarf Fighter on June 3, 2018.
             Killed from afar by an orc (31 damage)
             ... with an exploding inner flame
             ... hexed by the player character
             ... on level 4 of the Dungeon.
             The game lasted 00:00:34 (239 turns).

Monsterracer the Shield-Bearer (Deep Dwarf Fighter)  Turns: 239, Time: 00:00:35

Health: -8/33      AC:  8    Str: 20    XL:     3   Next: 30%
Magic:  3/3        EV:  7    Int:  8    God:
Gold:   40         SH:  9    Dex: 12    Spells: 2/2 levels left

rFire    . . .     SeeInvis .   a - +0 war axe
rCold    . . .     Gourm    .   f - +0 shield
rNeg     . . .     Faith    .   b - +0 scale mail
rPois    .         Spirit   .   (no helmet)
rElec    .         Reflect  .   (no cloak)
rCorr    .         Harm     .   g - +0 pair of gloves
MR       .....                  (no boots)
Stlth    ..........             (no amulet)
HPRegen  0.00/turn              (no ring)
MPRegen  0.08/turn              (no ring)

@: non-regenerating
A: damage resistance, heal wounds, sense surroundings 1, no regeneration
a: Heal Wounds


You were on level 4 of the Dungeon.
You were not hungry.

You visited 1 branch of the dungeon, and saw 4 of its levels.

You collected 40 gold pieces.

Inventory:

Hand Weapons
 a - a +0 war axe (weapon)
Armour
 b - a +0 scale mail (worn)
 f - a +0 shield (worn)
 g - a +0 pair of gloves (worn)
Potions
 d - a potion of might
 e - a potion of invisibility
 h - a potion of flight {unknown}
Comestibles
 c - 7 rations


   Skills:
 + Level 2.9 Fighting
 * Level 3.0 Axes
 + Level 3.5 Armour
 + Level 1.1 Dodging
 + Level 3.5 Shields


You had 2 spell levels left.
You didn't know any spells.

Dungeon Overview and Level Annotations

Branches:
Dungeon (4/15)
 Temple: D:4-7

Altars:
Dithmenos

Shops:
D:4 %


Innate Abilities, Weirdness & Mutations

You are resistant to damage.
You can heal yourself by infusing magical energy.
You passively map a small area around you.
You do not regenerate.


Message History

You see here a dagger.
A worker ant comes into view.
The worker ant twitches its antennae in your direction.
Found an escape hatch in the floor.
A worker ant is nearby!
The worker ant bites you. x2
You take 6 damage, and have 21/27 hp.
MASSIVE DAMAGE!!
A worker ant is nearby!
You hit the worker ant but do no damage.
The worker ant barely misses you.
You closely miss the worker ant. You block the worker ant's attack.
The worker ant barely misses you.
You hit the worker ant.
The worker ant is lightly wounded.
The worker ant bites you.
You are poisoned.
The worker ant poisons you!
The worker ant bites you but does no damage.
You take 2 damage, and have 19/27 hp.
You slash the worker ant!
The worker ant is almost dead.
You block the worker ant's attack.
You slash the worker ant!
You kill the worker ant!
Your Dodging skill increases to level 1!
You have reached level 3!
Your experience leads to an increase in your attributes!
Increase (S)trength, (I)ntelligence, or (D)exterity?
You feel stronger.
You regained 4 hp, and now have 23/33 hp.
MP restored: 3
Found a scale mail.
c - 4 rations (gained 1) No target in view!
You see here a scale mail.
You are no longer poisoned.
Found a ring mail.
No target in view!
Found a shadowy altar of Dithmenos.
No target in view!
No target in view!
An orc comes into view.
The orc shouts!
Found Ruoxax's Food Boutique.
Found 17 stones and 15 gold pieces.
The orc hits you but does no damage.
An orc is nearby!
You hit the orc.
The orc is severely wounded.
The orc hits you but does no damage. You block the orc's attack.
You hit the orc.
You kill the orc!
Your Axes skill increases to level 3!
No target in view!
No target in view!
Things that are here:
a leather armour; an orc corpse
There is an entrance to Ruoxax's Food Boutique here.
You now have 15 gold pieces.
Found a stone staircase leading down.
No target in view!
You now have 28 gold pieces (gained 13).
You see here 22 stones.
No target in view!
Found a rapier.
No target in view!
No target in view!
A giant cockroach comes into view.
Found a scroll labeled CIGOXK BIPIUWN.
Found a ration, a robe and 19 stones.
A giant cockroach is nearby!
A giant cockroach is nearby!
You hit the giant cockroach.
You kill the giant cockroach!
c - 5 rations (gained 1)
c - 6 rations (gained 1)
You see here a giant cockroach corpse.
You now have 40 gold pieces (gained 12).
c - 7 rations (gained 1)
i - a scroll labeled CIGOXK BIPIUWN No target in view!
An orc comes into view.
Your shield prevents you from hitting the orc.
The orc barely misses you.
An orc is nearby!
You barely miss the orc. You block the orc's attack. x2
You hit the orc.
The orc is moderately wounded.
The orc hits you but does no damage.
As you read the scroll labeled CIGOXK BIPIUWN, it crumbles to dust.
The creatures around you are filled with an inner flame!
It was a scroll of immolation.
You block the orc's attack.
You barely miss the orc.
The orc is moderately wounded.
You block the orc's attack. The orc barely misses you.
You slash the orc!
The orc explodes!
The fiery explosion engulfs you!
Ouch! That really hurt!
You die...

* ..#
#........†...... * *
#.# #............[..
#.#* #..........#####
* ###..###........).#
#.................#
#...............(...#
#.........####.##...#
, #####..#### #.#
...# *, * ##@# #.#
#### , #.# #.# ,,, ,
#§§ + * , ,,* ##.# *
, * ,.. , , , *, *
... , , , ... , ,
**##.#* , , , *


There were no monsters in sight!

Vanquished Creatures
  A worker ant (D:4)
  An ooze (D:1)
  An orc (D:4)
  A bat (D:2)
  2 giant cockroaches
  A goblin (D:1)
  A hobgoblin (D:1)
  2 kobolds
  A rat (D:1)
11 creatures vanquished.

Notes
Turn   | Place    | Note
-------+----------+-------------------------------------------
     0 | D:1      | Monsterracer the Deep Dwarf Fighter began the quest for the Orb.
     0 | D:1      | Reached XP level 1. HP: 20/20 MP: 1/1
    34 | D:1      | Reached XP level 2. HP: 21/27 MP: 2/2
   151 | D:4      | Reached skill level 1 in Dodging
   151 | D:4      | Reached XP level 3. HP: 23/33 MP: 3/3
   176 | D:4      | Found a shadowy altar of Dithmenos.
   179 | D:4      | Found Ruoxax's Food Boutique.
   239 | D:4      | Killed from afar by an orc

Skill      XL: |  1  2  3 |
---------------+----------+-----
Dodging        | 1 |  1.1
Axes           | 3 |  3.0
Fighting       | |  2.9
Armour         | |  3.5
Shields        | |  3.5

Action                   || total
-------------------------++-------
Melee: War axe           ||    40
 Abil: Heal Wounds       ||     1
  Use: Scroll            ||     2
Armor: Scale mail        ||    18
Dodge: Dodged            ||    14
Block: Shield            ||    22

Vault maps used:
D:1:      nicolae_arrival_memento_mori, minivault_26,
          minmay_misc_feat_nine_boxes, minmay_octomino_j4
D:3:      kennysheep_ying_yang
D:4:      grunt_dithmenos_smoke_and_mirrors, led_sif_book, serial_shops, shop,
          shop, nicolae_shop_crystal, nicolae_zen_rock_garden
